 Dungeon Crawl Stone Soup version 0.20-a0-823-gdec668e (webtiles) character file.

5344 nikopol the Spear-Bearer (level 10, -5/135 HPs)
             Began as a Minotaur Berserker on Mar 5, 2017.
             Was a High Priest of Trog.
             Slain by an orc warrior
             ... wielding a +1 scimitar of holy wrath
              (18 damage)
             ... on level 7 of the Dungeon.
             The game lasted 00:24:25 (9117 turns).

nikopol the Spear-Bearer (Minotaur Berserker)       Turns: 9117, Time: 00:24:26

Health: -5/135     AC: -2    Str: 30    XL:     10   Next: 38%
Magic:  9/9        EV: 14    Int:  4    God:    Trog [*****.]
Gold:   352        SH:  0    Dex: 12    Spells: 9/9 levels left

rFire    + . .     SeeInvis .   a - +0 trident
rCold    x . .     Gourm    .   G - +4 scale mail
rNeg     . . .     Faith    .   (no shield)
rPois    .         Spirit   .   (helmet restricted)
rElec    .         Reflect  .   (no cloak)
rCorr    .         Harm     .   F - +0 pair of gloves
MR       .....                  (no boots)
Stlth    ..........             (no amulet)
Regen    0.4/turn               u - +2 ring of strength
MPRegen  0.2/turn               j - ring of fire

@: berserking, corroded, very quick
A: retaliatory headbutt, horns 2
a: Berserk, Trog's Hand, Brothers in Arms, Burn Spellbooks, Renounce Religion


You were on level 7 of the Dungeon.
You worshipped Trog.
Trog was extremely pleased with you.
You were hungry.

You visited 1 branch of the dungeon, and saw 8 of its levels.
You also visited: Sewer.

You collected 372 gold pieces.
You spent 20 gold pieces at shops.

Inventory:

Hand Weapons
 a - a +0 trident (weapon)
 z - a +0 shortbow
 I - a +0 spear
 Q - a +0 trident
Missiles
 l - 146 arrows (quivered)
Armour
 F - a +0 pair of gloves (worn)
 G - a +4 scale mail (worn)
Jewellery
 j - a ring of fire (left hand)
 r - an uncursed amulet of rage {unknown}
 u - a +2 ring of strength (right hand)
 y - an uncursed amulet of magic regeneration {unknown}
 O - an uncursed ring of see invisible {unknown}
Wands
 p - a wand of scattershot (3/9)
 J - a wand of lightning (7/15)
 N - a wand of flame (25/48)
 R - a wand of flame (38/48)
 T - a wand of paralysis (13/24)
Scrolls
 b - 3 scrolls of amnesia {unknown}
 h - a scroll of immolation {unknown}
 n - 6 scrolls of remove curse {unknown}
 o - a scroll of fog {unknown}
 q - 6 scrolls of identify
 w - 6 scrolls of teleportation {unknown}
 A - a scroll of fear {unknown}
 B - 3 scrolls of blinking {unknown}
 D - 3 scrolls of magic mapping {unknown}
 L - a scroll of random uselessness {unknown}
 M - a scroll of noise {unknown}
 P - a scroll of brand weapon {unknown}
Potions
 d - a potion of might
 e - 3 potions of mutation
 g - 3 potions of heal wounds
 i - 3 potions of magic {unknown}
 k - 3 potions of brilliance {unknown}
 m - 2 potions of invisibility {unknown}
 s - a potion of lignification {unknown}
 t - 3 potions of curing {unknown}
 v - a potion of degeneration {unknown}
 C - a potion of flight {unknown}
 H - a potion of berserk rage
 K - a potion of cancellation {unknown}
Comestibles
 c - 7 bread rations
 f - 4 meat rations
 x - 5 fruits
 E - 4 royal jellies


   Skills:
 + Level 8.5 Fighting
 * Level 10.3 Polearms
 * Level 7.3 Bows
 + Level 8.1 Armour
 + Level 7.6 Dodging


You had 9 spell levels left.
You didn't know any spells.

Dungeon Overview and Level Annotations

Branches:
Dungeon (8/15)             Temple (0/1) D:5
   Lair: D:8-11

Altars:
Ashenzari
Fedhas
Hepliaklqana
Nemelex Xobeh
Qazlal
Trog
Vehumet
Yredelemnul
The Shining One

Shops:
D:6 ?   D:7 *


Innate Abilities, Weirdness & Mutations

You reflexively headbutt those who attack you in melee.
You have a pair of horns on your head.


Message History

You headbutt the orc warrior, but do no damage.
You closely miss the rust devil.
You headbutt the rust devil, but do no damage.
The rust devil is heavily wounded.
The rust devil hits you. The rust devil corrodes you! The rust devil hits you!
The rust devil corrodes you!
A red film seems to cover your vision as you go berserk!
You feel yourself moving faster!
You feel mighty!
You are feeling hungry.
The orc warrior hits you with a scimitar of holy wrath!
The rust devil hits you. The rust devil corrodes you!
The rust devil misses you.
The orc warrior hits you from afar with a halberd of freezing!!
* * * LOW HITPOINT WARNING * * *
The orc warrior freezes you!
* * * LOW HITPOINT WARNING * * *
You can't go up here!
You feel a strong urge to attack something.
The orc warrior hits you with a scimitar of holy wrath!!
You die...

#......# #####.##....#######
#.######### ##.##....#......
#...#.....###........#.#....
#.#...###...#........#.#....
#####...### ###.......##.#.#....
#......##)#'#)##.........#.#....
#......#♣.....♣#..########.#.#'#
#.....##......4##......# #.#.#.#
#.###.# ...8.o4@#...##.###.#.#.#
#># #.##......o##..........#.#.#
#.# #..#♣.....♣#..####.#####.#.#
#.# ##.##)#'#)##.#####.# #.#..
#∩# #..### ###..##....# #.#..
#.# ##...###...###....# #..<.
#.# ###..............#########
#.# ####....###.(.<........# #.#
####.# ##(#.#######.#


You could see 2 rust devils and 2 orc warriors.

Vanquished Creatures
  2 two-headed ogres (D:8)
  Joseph (D:8)
  Prince Ribbit (D:8)
  A hippogriff (D:7)
  Grum (D:8)
  Edmund (D:5)
  Duvessa (D:6)
  An orc warrior (D:8)
  Purgy (Sewer)
  4 sky beasts
  5 ogres
  2 centaurs (D:5)
  A necrophage (D:8)
  4 wolves (D:8)
  A big kobold (D:8)
  2 bullfrogs (D:7)
  A scorpion (D:7)
  Dowan (D:6)
  2 howler monkeys (D:7)
  4 crimson imps
  A centaur zombie (D:8)
  2 bullfrog zombies
  5 hounds
  4 orc wizards
  5 orc priests
  An iguana (D:6)
  4 worker ants
  3 gnolls (D:6)
  2 river rats (D:4)
  11 adders
  2 shadow imps
  2 oozes
  6 worms
  An adder skeleton (D:6)
  2 dart slugs (D:3)
  6 leopard geckos
  32 orcs
  4 ball pythons
  5 bats
  5 giant cockroaches
  6 hobgoblins
  8 jackals
  5 quokkas
  6 frilled lizards
  5 goblins
  7 kobolds
  A leopard gecko skeleton (D:4)
  A quokka skeleton (D:4)
  16 rats
195 creatures vanquished.

Vanquished Creatures (others)
  A big kobold (D:7)
  2 kobolds (D:7)
3 creatures vanquished.

Grand Total: 198 creatures vanquished

Notes
Turn   | Place    | Note
-------+----------+-------------------------------------------
     0 | D:1      | nikopol the Minotaur Berserker began the quest for the Orb.
     0 | D:1      | Reached XP level 1. HP: 19/19 MP: 0/0
   529 | D:2      | Reached XP level 2. HP: 21/27 MP: 1/1
   531 | D:2      | Reached skill level 4 in Polearms
   623 | D:2      | Found a glowing golden altar of the Shining One.
   662 | D:2      | Reached XP level 3. HP: 33/33 MP: 2/2
  1533 | D:3      | Reached XP level 4. HP: 32/41 MP: 3/3
  1723 | D:3      | Reached ** piety under Trog
  2542 | D:3      | Found a shattered altar of Ashenzari.
  2777 | D:4      | Found a bloodstained altar of Trog.
  2914 | D:4      | Found a hazy altar of Hepliaklqana.
  2948 | D:4      | Found a glowing drain.
  2958 | D:4      | Reached XP level 5. HP: 27/47 MP: 4/4
  2962 | Sewer    | Entered a sewer
  3156 | Sewer    | Noticed Purgy
  3180 | Sewer    | Killed Purgy
  3180 | Sewer    | Reached skill level 5 in Fighting
  3180 | Sewer    | Reached skill level 5 in Polearms
  3441 | D:4      | Reached XP level 6. HP: 49/56 MP: 5/5
  3841 | D:5      | Entered Level 5 of the Dungeon
  3853 | D:5      | Reached *** piety under Trog
  4148 | D:5      | Reached skill level 5 in Armour
  4221 | D:5      | Noticed Edmund
  4238 | D:5      | Killed Edmund
  4238 | D:5      | Reached XP level 7. HP: 43/62 MP: 6/6
  4364 | D:5      | Reached skill level 6 in Polearms
  4701 | D:5      | Found a staircase to the Ecumenical Temple.
  4706 | D:5      | Reached skill level 5 in Dodging
  5205 | D:5      | Reached skill level 1 in Bows
  5295 | D:6      | Noticed Duvessa
  5295 | D:6      | Noticed Dowan
  5305 | D:6      | Killed Dowan
  5305 | D:6      | Reached XP level 8. HP: 59/71 MP: 7/7
  5320 | D:6      | Killed Duvessa
  5638 | D:6      | Reached **** piety under Trog
  5638 | D:6      | Reached skill level 7 in Polearms
  5862 | D:6      | Found a bloodstained altar of Trog.
  5919 | D:6      | Found a basalt altar of Yredelemnul.
  6124 | D:6      | Found a blossoming altar of Fedhas.
  6168 | D:6      | Found Ifaoxiu's Magic Scroll Boutique.
  6183 | D:6      | Bought a scroll of identify for 20 gold pieces
  6623 | D:7      | Found a radiant altar of Vehumet.
  6994 | D:7      | Found a sparkling altar of Nemelex Xobeh.
  7027 | D:7      | Reached skill level 8 in Polearms
  7027 | D:7      | Reached XP level 9. HP: 79/79 MP: 8/8
  7051 | D:7      | Found Bechuuh's Assorted Antiques.
  7380 | D:8      | Found a stormy altar of Qazlal.
  7397 | D:8      | Noticed Prince Ribbit
  7416 | D:8      | Killed Prince Ribbit
  7416 | D:8      | Reached ***** piety under Trog
  7416 | D:8      | Reached skill level 5 in Bows
  7670 | D:8      | Noticed a two-headed ogre
  7681 | D:8      | Killed a two-headed ogre
  7681 | D:8      | Reached skill level 9 in Polearms
  7954 | D:8      | Noticed Joseph
  8263 | D:8      | Killed Joseph
  8519 | D:8      | Reached XP level 10. HP: 83/88 MP: 9/9
  8621 | D:8      | Found a sparkling altar of Nemelex Xobeh.
  8803 | D:8      | Noticed a two-headed ogre
  8804 | D:8      | Noticed Grum
  8817 | D:8      | Killed a two-headed ogre
  8817 | D:8      | Reached skill level 10 in Polearms
  8823 | D:8      | Received a gift from Trog
  8829 | D:8      | Killed Grum
  9111 | D:7      | Noticed a rust devil
  9112 | D:7      | Noticed a rust devil
  9117 | D:7      | Slain by an orc warrior

Vault maps used:
D:1:      dpeg_arrival_stonehenge_8_columns, serial_forest,
          infiniplex_forest_zigzag_2, infiniplex_forest_straight_5,
          infiniplex_forest_straight_2, infiniplex_forest_zigzag_1,
          infiniplex_forest_clump_curved
D:2:      tso_metal_star, serial_forest, infiniplex_forest_clump_double,
          infiniplex_forest_lined_3, infiniplex_forest_clump_diagonal,
          infiniplex_forest_corner_2, infiniplex_forest_straight_3,
          infiniplex_forest_lined_room_2, infiniplex_forest_lined_ring,
          minmay_misc_feat_encased, hangedman_decor_clover_reticule,
          minmay_door_square
D:3:      mumra_celtic_spiral_tile, marbit_many_paths, first_bread,
          chequers_big_river
D:4:      kennysheep_mini_moat, portal_sewer_entry_e, trog_three_pillars_becter
D:5:      temple_statues, uniq_edmund
D:6:      overflow_temple_1_default, overflow_temple_1_default, serial_shops,
          shop_scrolls, minmay_ruined_shrine, uniq_duvessa
D:7:      cheibrodos_iron_armory, fiery_altar_vehumet, serial_shops, shop,
          nemelex_dance_club_becter
D:8:      kennysheep_little_box, nicolae_qazlal_general_emergency,
          uniq_prince_ribbit1, uniq_joseph, uniq_grum
Sewer:    sewer_co_purgy_island

Skill      XL: |  1  2  3  4  5  6  7  8  9 10 |
---------------+-------------------------------+-----
Fighting       | 4 5 6 7 8 |  8.5
Polearms       | 4 5 6 8 9 10 | 10.3
Armour         | 3 4 5 6 7 8 |  8.1
Dodging        | 3 4 5 6 7 |  7.6
Bows           | 1 4 6 7 |  7.3

Action                   |  1- 3 |  4- 6 |  7- 9 | 10-12 || total
-------------------------+-------+-------+-------+-------++-------
Melee: Spear             |   106 |   198 |   249 |       ||   553
       Headbutt          |    21 |    25 |    66 |    14 ||   126
       Trident           |       |       |    80 |    71 ||   151
 Fire: Shortbow          |       |       |    51 |       ||    51
Invok: Berserk           |       |     2 |     3 |     2 ||     7
       Burn Spellbooks   |       |     1 |       |       ||     1
  Use: Scroll            |     3 |       |       |       ||     3
       Potion            |     1 |       |       |       ||     1
 Stab: Sleeping          |     2 |       |       |       ||     2
  Eat: Chunk             |     2 |    10 |    17 |     3 ||    32
Armor: Animal skin       |     3 |       |       |       ||     3
       Leather armour    |     4 |       |       |       ||     4
       Ring mail         |     1 |    42 |       |       ||    43
       Scale mail        |       |       |    92 |    19 ||   111
Dodge: Dodged            |    27 |    91 |   146 |    39 ||   303
